AoeStats
← Henrik

Nomad

510414051Analyzed
3v3 RM · 16h ago on Sep 30, 2026· 66m 0s· 6 players
Game mode
Random Map
Map size
210×210
Population
200
Speed
Normal
Resources
Standard
Victory
Conquest
Starting age
Dark Age
Ending age
Imperial Age
RankedLock teamsTeams togetherTeam positionsShared explorationLock speedFull tech treeHidden civsTurbo modeCheats
Victory
Defeat
🇨🇳 Goths · China
867
+12
🇨🇳 Vietnamese · China
841
+13
🇺🇸 Huns · United States
804
+15
🇧🇷 Huns · Brazil
884
-17
🇲🇦 Franks · Morocco
734
-12
🇧🇷 Spanish · Brazil
726
-11
Centipedejam
14:59 Feudal Age
15:46 Double-Bit Axe
19:54 Castle Age
21:11 Bow Saw
24:29 Wheelbarrow
23:41 Loom
24:04 Gold Mining
24:43 Stone Mining
25:10 Fishing Lines
27:42 Hand Cart
28:11 Gold Shaft Mining
28:55 Fletching
30:04 Bodkin Arrow
31:03 Thumb Ring
33:38 Pikeman
37:14 Imperial Age
34:31 Horse Collar
35:22 Scale Mail Armor
35:33 Forging
35:30 Squires
37:02 Chain Mail Armor
37:29 Iron Casting
37:24 Halberdier
47:25 Bracer
47:27 Padded Archer Armor
47:58 Parthian Tactics
46:54 Heavy Cavalry Archer
49:27 Leather Archer Armor
65:01 Husbandry
65:12 Bloodlines
Letty
Henrik
GLORY MUSTAF
6:57 Loom
15:03 Feudal Age
16:22 Double-Bit Axe
16:47 Man-at-Arms
20:36 Scale Mail Armor
27:04 Castle Age
27:55 Husbandry
27:16 Light Cavalry
28:59 Bow Saw
28:45 Gold Mining
30:58 Scale Barding Armor
34:00 Chain Barding Armor
34:36 Gambesons
34:12 Long Swordsman
38:07 Chain Mail Armor
40:19 Forging
46:25 Pikeman
47:05 Squires
48:14 Arson
theilor.taiariol
ftgiants
Connection lost

Rejoining the realm…

Still unreachable

The connection could not be restored.

Session expired

The server has moved on; the page needs a fresh start.